 Dungeon Crawl Stone Soup version 0.27.1-33-g824d729ab1 (webtiles) character file.

Game seed: 5707126489623439403

5 tenox2800 the Gusty (level 1, 0/14 HPs)
             Began as a Draconian Air Elementalist on Dec 20, 2021.
             Slain by a goblin (3 damage)
             ... on level 1 of the Dungeon.
             The game lasted 00:01:43 (49 turns).

tenox2800 the Gusty (Draconian Air Elementalist)      Turns: 49, Time: 00:01:43

Health: 0/14       AC:  4    Str: 10    XL:     1   Next: 66%
Magic:  0/3        EV: 12    Int: 15    God:
Gold:   9          SH:  0    Dex: 11    Spells: 3/4 levels left

rFire    . . .     SeeInvis .   (no weapon)
rCold    . . .     Faith    .   (no shield)
rNeg     . . .     Spirit   .   (armour unavailable)
rPois    .         Reflect  .   (helmet restricted)
rElec    .         Harm     .   (no cloak)
rCorr    .         Rampage  .   (no gloves)
Will     .....                  (no boots)
Stlth    ++........             (no amulet)
HPRegen  0.04/turn              (no ring)
MPRegen  0.08/turn              (no ring)

@: no status effects
A: AC +4, unfitting armour, cold-blooded
a: no special abilities


You were on level 1 of the Dungeon.
You visited 1 branch of the dungeon, and saw 1 of its levels.

You collected 9 gold pieces.

You aren't carrying anything.


   Skills:
 + Level 1.9 Dodging
 + Level 1.7 Stealth
 + Level 2.1 Spellcasting
 + Level 1.0 Conjurations
 + Level 3.2 Air Magic


You had 3 spell levels left.
You knew the following spells:

 Your Spells              Type           Power      Damage    Failure   Level
a - Shock                 Conj/Air       28%        1d4       10%         1

Your spell library contained the following spells:

 Spells                   Type           Power      Damage    Failure   Level
 Static Discharge         Conj/Air       7%         N/A       14%         2
 Swiftness                Air            11%        N/A       19%         3
 Airstrike                Air            5%         N/A       52%         4


Dungeon Overview and Level Annotations

Branches:
Dungeon (1/15)

Altars:


Innate Abilities, Weirdness & Mutations

Your plain brown scales are hard. (AC +4)
You cannot fit into any form of body armour.
You are cold-blooded and may be slowed by cold attacks.


Message History

The jackal bites you.
* * * LOW HITPOINT WARNING * * *
The hobgoblin closely misses you.
You closely miss the hobgoblin.
The hobgoblin is almost dead.
The jackal closely misses you. The hobgoblin barely misses you.
You completely miss the hobgoblin.
The hobgoblin is almost dead.
The jackal closely misses you. The hobgoblin closely misses you.
The jackal bites you but does no damage.
You hit the hobgoblin but do no damage.
The hobgoblin is almost dead.
The jackal misses you.
The hobgoblin hits you but does no damage.
You hit the hobgoblin.
You kill the hobgoblin!
The jackal bites you but does no damage.
Casting: Shock (safe; 10% risk of failure)
Confirm with . or Enter, or press ? or * to list all spells.
Aiming: Shock (safe; 10% risk of failure)
Press: ? - help, Shift-Dir - straight line The zap hits the jackal.
The jackal is severely wounded.
The zap hits the jackal.
You kill the jackal!
Sorry, you're not good enough to have a special ability.
As you read the scroll labelled GUNTYO NITETIY, it crumbles to dust.
You hear a loud clanging noise!
It was a scroll of noise.
You hear a shout!
You hear an angry hiss. x4; You hear a shout!
You hear an angry hiss. x2
The goblin closely misses you.
You hit the goblin.
The goblin is moderately wounded.
The goblin hits you with a +0 club.
* * * LOW HITPOINT WARNING * * *
You barely miss the goblin.
The goblin is moderately wounded.
The goblin hits you with a +0 club.
You die...

...# .. #### #..##.
..... #####
#...####.....
......####..........
...................#
......h..h..........
.....J####...###...#
.:h... #.g##.##..#
...h. ##..#@..# ..
.h.g. #...g.<.+ .
..h. ##...#...# ....
#....##.##
#.>....###
#..........
#....#.........
#.##.#......... !.
#.##########


You could see a goblin.

Vanquished Creatures
  A hobgoblin (D:1)
  3 jackals (D:1)
4 creatures vanquished.

Notes
Turn   | Place    | Note
-------+----------+-------------------------------------------
     0 | D:1      | tenox2800 the Draconian Air Elementalist began the quest
                  | for the Orb.
     0 | D:1      | Reached XP level 1. HP: 14/14 MP: 3/3
    49 | D:1      | Slain by a goblin

Illustrated notes

Levels and vault maps discovered:
D:1:      dpeg_arrival_shelter, layout_rooms, shapermc_ecumenical_altar_venn,
          minmay_cut_off

Action                   || total
-------------------------++-------
Melee: Unarmed           ||    18
       Tailslap          ||     1
 Cast: Shock             ||     4
  Use: Scroll            ||     1
Armor: Skin              ||    11
Dodge: Dodged            ||    17
